 Dungeon Crawl Stone Soup version 0.30-a0-585-g93115170b9 (webtiles) character file.

Game seed: 16991331657937806165

358 bande the Covered (level 6, 0/39 HPs)
             Began as a Gargoyle Fighter on Jan 3, 2023.
             Slain by an orc wizard
             ... wielding a +0 dagger
              (3 damage)
             ... on level 3 of the Dungeon.
             The game lasted 00:04:20 (2199 turns).

bande the Covered (Gargoyle Fighter)                Turns: 2199, Time: 00:04:21

Health: 0/39       AC: 14    Str: 20    XL:     6   Next: 64%
Magic:  6/6        EV:  7    Int:  8    God:
Gold:   96         SH:  4    Dex: 11    Spells: 5/5 levels left

rFire   . . .      SeeInvis .    a - +0 war axe
rCold   + . .      Faith    .    c - +0 buckler
rNeg    + . .      Spirit   .    k - +0 chain mail
rPois   ∞          Reflect  .    (no helmet)
rElec   +          Harm     .    (no cloak)
rCorr   .          Rampage  .    (no gloves)
Will    .....                    (no boots) Stlth
                                 (no amulet)
HPRegen 0.26/turn                g - ring of protection from cold
MPRegen 0.10/turn                (no ring)

@: no status effects
A: sickness immunity, AC +4, negative energy resistance 1, electricity
resistance, torment resistance 1, petrification resistance
a: no special abilities


You were on level 3 of the Dungeon.
You visited 1 branch of the dungeon, and saw 3 of its levels.

You collected 96 gold pieces.

Inventory:

Hand Weapons
 a - a +0 war axe (weapon)
 o - a +0 flail
Armour
 c - a +0 buckler (worn)
 k - a +0 chain mail (worn)
Jewellery
 g - a ring of protection from cold (left hand)
 h - a ring of wizardry
Scrolls
 b - 4 scrolls of identify {unknown}
 e - a scroll of amnesia {unknown}
 f - a scroll of immolation {unknown}
 i - a scroll of noise {unknown}
 j - 5 scrolls of teleportation {unknown}
 l - a scroll of blinking {unknown}
 m - a scroll of vulnerability {unknown}
 n - a scroll of poison {unknown}
Potions
 d - a potion of might
 p - a potion of curing


   Skills:
 + Level 4.4 Fighting
 + Level 4.6 Axes
 + Level 4.6 Armour
 + Level 4.0 Shields


You had 5 spell levels left.
You didn't know any spells.
Your spell library contained the following spells:

 Spells                   Type           Power      Damage    Failure   Level
 Ensorcelled Hibernation  Hex/Ice        0%         N/A       100%        2
 Passwall                 Tmut/Erth      0%         N/A       100%        2
 Swiftness                Air            0%         N/A       100%        3


Dungeon Overview and Level Annotations

Branches:
Dungeon (3/15)

Altars:

Shops:
D:1 (


Innate Abilities, Weirdness & Mutations

You are immune to sickness and miasma.
Your stone body is resilient. (AC +4)
You are immune to poison.
You resist negative energy. (rN+)
You are resistant to electric shocks. (rElec)
You are resistant to unholy torment.
You are immune to petrification.


Message History

You block something's attack. The orc hits you with a +0 war axe.
* * * LOW HITPOINT WARNING * * *
Unknown command.
You slash the orc!
You kill the orc!
You hit something but do no damage. Something hits you but does no damage.
Something hits you but does no damage.
Things that are here:
a +0 war axe; a +0 mace; an orc corpse You closely miss something.
You hear some strange, mumbled words.
A magic dart appears from out of thin air!
The magic dart hits you but does no damage.
You hit something. You block something's attack.
You hear some strange, mumbled words.
A puff of flame appears from out of thin air!
The puff of flame hits you.
* * * LOW HITPOINT WARNING * * *
You miss something. Something hits you but does no damage.
You barely miss something. You block something's attack.
You hit something. Something hits you.
* * * LOW HITPOINT WARNING * * *
Something hits you but does no damage.
You barely miss something.
You hear some strange, mumbled words.
You are confused.
You closely miss something. Something hits you but does no damage.
You bump into the rock wall.
Something hits you but does no damage.
You closely miss something.
You hear some strange, mumbled words.
A puff of flame appears from out of thin air!
The puff of flame hits you!
* * * LOW HITPOINT WARNING * * *
Something hits you but does no damage.
You closely miss something. Something hits you but does no damage.
You bump into the rock wall.
You feel less confused. Something hits you but does no damage.
You hit something but do no damage. Something hits you.
You die...

#.........†..# #....#
##########.#.#######....#
#...............
#####.#######..#
########## ##.#######..#
.........#
####...........#
.#######.#
##).o##.#######.## .#
#.#######)# ### #.# .#
#......({@# #.# .#
#..######.# .. .#### #..#
##...# ....####).# ####
.##.......# .#######.##
.# #.# .# #.# .# #.#


There were no monsters in sight!

Vanquished Creatures
  Grinder (D:3)
  Jessica (D:3)
  An orc wizard (D:2)
  4 gnolls (D:3)
  An adder (D:2)
  2 worms
  2 dart slugs
  7 orcs
  4 ball pythons
  7 bats
  5 endoplasms
  3 goblins (D:3)
  2 hobgoblins (D:1)
  6 jackals
  2 kobolds
  3 quokkas
  3 frilled lizards
  2 rats (D:1)
56 creatures vanquished.

Notes
Turn   | Place    | Note
-------+----------+-------------------------------------------
     0 | D:1      | bande the Gargoyle Fighter began the quest for the Orb.
     0 | D:1      | Reached XP level 1. HP: 14/14 MP: 1/1
    86 | D:1      | Found Asucw's Weapon Emporium.
    95 | D:1      | Reached XP level 2. HP: 19/19 MP: 2/2
   715 | D:2      | Reached XP level 3. HP: 24/24 MP: 3/3
  1034 | D:2      | Reached XP level 4. HP: 15/29 MP: 4/4
  1625 | D:3      | Noticed Jessica
  1632 | D:3      | Killed Jessica
  1633 | D:3      | Reached XP level 5. HP: 33/33 MP: 5/5
  1633 | D:3      | Noticed Grinder
  1639 | D:3      | Paralysed by Grinder for 5 turns
  1650 | D:3      | Paralysed by Grinder for 3 turns
  1656 | D:3      | Paralysed by Grinder for 2 turns
  1667 | D:3      | Killed Grinder
  1668 | D:3      | Reached XP level 6. HP: 13/38 MP: 6/6
  1786 | D:3      | Identified the +2 cloak of Kupselix {Rampage Drain rElec
                  | Will+++}
  2199 | D:3      | Slain by an orc wizard

Illustrated notes

Levels and vault maps discovered:
D:1:      dpeg_arrival_round_b, layout_rooms, serial_shops, shop,
          minmay_misc_feat_enclosed, st_stairs_9
D:2:      layout_rooms, kennysheep_another_room
D:3:      layout_loops_ring, uniq_grinder, uniq_jessica

Skill      XL: |  1  2  3  4  5 |
---------------+----------------+-----
Axes           | 2 3 4 |  4.6
Fighting       | 4 |  4.4
Armour         | 4 |  4.6
Shields        | 4 |  4.0

Action                   |  1- 3 |  4- 6 || total
-------------------------+-------+-------++-------
Melee: War axe           |   101 |   105 ||   206
  Use: Potion            |       |     2 ||     2
Armor: Scale mail        |    81 |       ||    81
       Chain mail        |    40 |    66 ||   106
Dodge: Dodged            |    76 |    38 ||   114
Block: Buckler           |    25 |    21 ||    46

Table legend: (Time is in decaauts)
 A = Elapsed time spent in this place.
 B = Non-inter-level travel time spent in this place.
 C = Inter-level travel time spent in this place.
 D = Time resting spent in this place.
 E = Time spent auto-exploring this place.
 F = Levels seen in this place.
 G = Mean time per level.
                   A        B        C        D        E       F      G
               +--------+--------+--------+--------+--------+-----+--------+
         Total |   2263 |   2069 |    194 |    398 |   1062 |   3 |  754.3 |
       Dungeon |   2263 |   2069 |    194 |    398 |   1062 |   3 |  754.3 |
               +--------+--------+--------+--------+--------+-----+--------+

Top non-repeatable levels by time:
     D:2: 806 daAuts
     D:3: 738 daAuts
     D:1: 718 daAuts
